 Dungeon Sprint DCSS version 0.27.1-34-g3ba077fa99 (webtiles) character file.

Game seed: 11887213896880891607

982 Karpo the Imperceptible (level 7, -13/32 HPs)
             Began as a Spriggan Enchanter on Feb 8, 2022.
             Was an Initiate of Dithmenos.
             Mangled by a deep troll (18 damage)
             ... in the Dungeon (Sprint I: "Red Sonja").
             The game lasted 00:02:12 (349 turns).

Karpo the Imperceptible (Spriggan Enchanter)         Turns: 349, Time: 00:02:12

Health: -13/32     AC:  2    Str:  4    XL:     7   Next: 96%
Magic:  0/12       EV: 17    Int: 18    God:    Dithmenos [......]
Gold:   405        SH:  0    Dex: 16    Spells: 2/11 levels left

rFire    . . .     SeeInvis +   j - +2 dagger (drain)
rCold    . . .     Faith    .   (shield restricted)
rNeg     . . .     Spirit   .   b - +0 robe
rPois    .         Reflect  .   (helmet restricted)
rElec    .         Harm     .   (no cloak)
rCorr    .         Rampage  .   (gloves unavailable)
Will     +....     NoTele   +   (boots unavailable)
Stlth    ++++++++..             (no amulet)
HPRegen  0.10/turn              (no ring)
MPRegen  0.13/turn              (no ring)

@: confusing by touch, very slightly contaminated, very quick
A: very small, no large weapons, unfitting armour, see invisible, speed 3
a: Renounce Religion


You were in the Dungeon.
You worshipped Dithmenos.
Dithmenos was noncommittal.
You visited 1 branch You collected 405 gold pieces.

Inventory:

Hand Weapons
 a - a +1 dagger
 j - a +2 dagger of draining (weapon)
Missiles
 k - 3 curare-tipped darts
Armour
 b - a +0 robe (worn)
Wands
 i - a wand of flame (15)
Scrolls
 h - a scroll of blinking
Potions
 c - a potion of curing
 d - a potion of heal wounds
 e - a potion of haste
 f - 2 potions of magic
 g - a potion of berserk rage


   Skills:
 - Level 1.1 Short Blades
 - Level 2.6 Dodging
 + Level 23.4 Stealth
 - Level 2.6 Spellcasting
 - Level 3.6 Hexes


You had 2 spell levels left.
You knew the following spells:

 Your Spells              Type           Power      Damage    Failure   Level
a - Corona                Hex            16%        N/A       3%          1
b - Ensorcelled Hibernat  Hex/Ice        16%        N/A       12%         2
c - Confusing Touch       Hex            15%        N/A       12%         3
d - Tukima's Dance        Hex            15%        N/A       12%         3

Your spell library contained the following spells:

 Spells                   Type           Power      Damage    Failure   Level
 Dazzling Flash           Conj/Hex       16%        N/A       24%         3


Dungeon Overview and Level Annotations

Branches:
Dungeon (1/1)

Altars:
Cheibriados
Dithmenos
Elyvilon
Fedhas
Gozag
Hepliaklqana
Kikubaaqudgha
Nemelex Xobeh
Okawaru
Qazlal
Ru
Sif Muna
Trog
Uskayaw
Vehumet
Wu Jian
Yredelemnul
Zin
The Shining One

Shops:
D (!


Innate Abilities, Weirdness & Mutations

You are very small and have problems with some larger weapons.
You are too small for most types of armour.
You have supernaturally acute eyesight. (SInv)
You cover ground extremely quickly. (Speed+++)


Message History

Aim: a deep troll (chance to affect: 23%)
Okay, then.
There is an open door here.
Casting: Ensorcelled Hibernation (safe; 12% risk of failure)
Confirm with . or Enter, or press ? or * to list all spells.
Aiming: Ensorcelled Hibernation (safe; 12% risk of failure)
Press: ? - help, Shift-Dir - straight line, f/p - deep troll
Aim: a deep troll (chance to affect: 23%)
The deep troll resists with almost no effort.
Casting: Ensorcelled Hibernation (safe; 12% risk of failure)
Confirm with . or Enter, or press ? or * to list all spells.
Aiming: Ensorcelled Hibernation (safe; 12% risk of failure)
Press: ? - help, Shift-Dir - straight line, f/p - deep troll
Aim: a deep troll (chance to affect: 23%)
You miscast Ensorcelled Hibernation.
Nothing appears to happen.
You see here 18 stones.
You see here 15 arrows.
Casting: Ensorcelled Hibernation (safe; 12% risk of failure)
Confirm with . or Enter, or press ? or * to list all spells.
Aiming: Ensorcelled Hibernation (safe; 12% risk of failure)
Press: ? - help, Shift-Dir - straight line, f/p - deep troll
Aim: a deep troll (chance to affect: 23%)
The deep troll resists with almost no effort.
Casting: Ensorcelled Hibernation (safe; 12% risk of failure)
Confirm with . or Enter, or press ? or * to list all spells.
The spell is quite dangerous to cast (12% risk of failure)!
Continue anyway? [Y]es or [N]o only, please.
The spell is quite dangerous to cast (12% risk of failure)!
Continue anyway? [Y]es or [N]o only, please.
The spell is quite dangerous to cast (12% risk of failure)!
Continue anyway? [Y]es or [N]o only, please.
The spell is quite dangerous to cast (12% risk of failure)!
Continue anyway?
Your hands begin to glow red.
The deep troll misses you. The deep troll claws you.
* * * LOW HITPOINT WARNING * * *
The deep troll misses you.
You hit the deep troll but do no damage.
The deep troll misses you. The deep troll claws you!!
Ouch! That really hurt!
You die...

################
#<.#.)'..#.)'..#
#..'..#.)'..#..+
#..#####'#####'#
#..####..#...#@#
#..#__####..##T#
#..#_____##'#_.+
#⌠⌠#_.∩...'..._#
####_..__##_.#+#
#_____###'#
############.####+###
#∩........'...'$$.$$+
###++++####.†.#######


You could see a deep troll.

Vanquished Creatures
  Sonja (D)
  Sigmund (D)
  A yak (D)
  An ogre (D)
  A jelly (D)
  Ijyb (D)
6 creatures vanquished.

Vanquished Creatures (others)
  A gargoyle (D)
1 creature vanquished.

Grand Total: 7 creatures vanquished

Notes
Turn   | Place    | Note
-------+----------+-------------------------------------------
     0 | D        | Karpo the Spriggan Enchanter began the quest for the Orb.
     0 | D        | Reached XP level 1. HP: 9/9 MP: 5/5
     2 | D        | Noticed Ijyb
     8 | D        | Killed Ijyb
     9 | D        | Reached skill level 9 in Stealth
     9 | D        | Reached XP level 2. HP: 8/13 MP: 6/6
   213 | D        | Learned a level 2 spell: Ensorcelled Hibernation
   213 | D        | Noticed an ogre
   216 | D        | Killed an ogre
   217 | D        | Reached skill level 14 in Stealth
   217 | D        | Reached XP level 3. HP: 16/16 MP: 8/8
   217 | D        | Reached XP level 4. HP: 21/21 MP: 9/9
   227 | D        | Noticed Sigmund
   230 | D        | Killed Sigmund
   231 | D        | Reached skill level 17 in Stealth
   231 | D        | Reached XP level 5. HP: 24/24 MP: 10/10
   242 | D        | Found a shimmering blue altar of Sif Muna.
   243 | D        | Found an ornate altar of the Wu Jian Council.
   244 | D        | Found a radiant altar of Vehumet.
   249 | D        | Reached skill level 18 in Stealth
   249 | D        | Reached XP level 6. HP: 28/28 MP: 11/11
   263 | D        | Found Qiedijaw's Distillery.
   263 | D        | Found an ancient bone altar of Kikubaaqudgha.
   263 | D        | Found a hazy altar of Hepliaklqana.
   263 | D        | Found a hide-covered altar of Uskayaw.
   263 | D        | Found a basalt altar of Yredelemnul.
   263 | D        | Found an opulent altar of Gozag.
   263 | D        | Found a snail-covered altar of Cheibriados.
   263 | D        | Found a sacrificial altar of Ru.
   263 | D        | Found a shadowy altar of Dithmenos.
   263 | D        | Noticed a yak
   264 | D        | Found a stormy altar of Qazlal.
   264 | D        | Found a blossoming altar of Fedhas.
   264 | D        | Found a bloodstained altar of Trog.
   264 | D        | Found an iron altar of Okawaru.
   264 | D        | Found a glowing golden altar of the Shining One.
   264 | D        | Found a glowing silver altar of Zin.
   264 | D        | Found a white marble altar of Elyvilon.
   265 | D        | Killed a yak
   266 | D        | Reached skill level 20 in Stealth
   270 | D        | Learned a level 3 spell: Confusing Touch
   274 | D        | Learned a level 3 spell: Tukima's Dance
   274 | D        | Found a sparkling altar of Nemelex Xobeh.
   274 | D        | Killed a gargoyle
   280 | D        | Became a worshipper of Dithmenos the Shadowed
   289 | D        | Noticed Sonja
   293 | D        | Killed Sonja
   294 | D        | Reached skill level 23 in Stealth
   294 | D        | Reached XP level 7. HP: 32/32 MP: 12/12
   311 | D        | Found Tirucah's Antique Weapon Boutique.
   331 | D        | Noticed a deep troll
   349 | D        | Mangled by a deep troll

Illustrated notes

Levels and vault maps discovered:
D:        dungeon_sprint_1 [red_sonja_temple_1, red_sonja_temple_small_1]

Skill      XL: |  1  2  3  4  5  6 |
---------------+-------------------+-----
Stealth        | 9 14 17 18 23 | 23.4
Short Blades   | |  1.1
Dodging        | |  2.6
Spellcasting   | |  2.6
Hexes          | |  3.6

Action                   |  1- 3 |  4- 6 |  7- 9 || total
-------------------------+-------+-------+-------++-------
Melee: Dagger            |     6 |     4 |     1 ||    11
 Cast: Ensorcelled Hiber |       |       |     3 ||     3
       Confusing Touch   |       |       |     1 ||     1
 Stab: Sleeping          |     2 |     4 |       ||     6
Dodge: Dodged            |     2 |       |     5 ||     7
